Map: Interloper LE

Players

MrMental

  • Race: Protoss Protoss
  • League: Gold
  • Spawn Location: 5:00

Ransom - Winner!

  • Race: Zerg Zerg
  • League: Silver
  • Spawn Location: 11:00

VOD

Have the link to the VOD?

Description

Time

  • Played on: Aug. 31, 2017, 10:54 a.m.
  • Length: 9:46
Show
View Real Time Build Order
Export as new Build Order

MrMental Protoss 

Build Orders: 1 Gate Expand 

Get SALT Encoding   

  12  0:01  Probe (Chrono Boost)  
  13  0:14  Pylon  
  13  0:19  Probe (Chrono Boost)  
  14  0:30  Probe (Chrono Boost)  
  15  0:36  Gateway  
  15  0:40  Probe (Chrono Boost)  
  16  0:48  Assimilator  
  16  0:51  Probe (Chrono Boost)  
  17  1:01  Probe (Chrono Boost)  
  18  1:12  Probe (Chrono Boost)  
  19  1:22  Probe (Chrono Boost)  
  20  1:33  Nexus  
  20  1:37  Zealot  
  22  1:49  Cybernetics Core  
  21  1:59  Cybernetics Core  
  21  2:04  Pylon  
  21  2:24  Probe (Chrono Boost)  
  21  2:28  Assimilator  
  22  2:35  Warp Gate  
  22  2:37  Mothership Core (Chrono Boost)  
  22  2:42  Adept  
  26  2:45  Probe (Chrono Boost)  
  27  2:56  Probe x2 (Chrono Boost)  
  29  3:06  Probe x2 (Chrono Boost)  
  31  3:17  Probe x2 (Chrono Boost), Pylon  
  33  3:23  Stargate  
  33  3:27  Probe x2 (Chrono Boost)  
  33  3:31  Pylon  
  35  3:36  Adept  
  35  3:38  Probe x2 (Chrono Boost)  
  39  3:43  Stargate  
  41  3:48  Probe x2 (Chrono Boost)  
  41  3:59  Probe (Chrono Boost)  
  42  4:03  Gateway  
  42  4:05  Gateway  
  42  4:07  Pylon  
  42  4:09  Probe (Chrono Boost)  
  44  4:10  Probe (Chrono Boost)  
  44  4:15  Assimilator  
  44  4:20  Probe (Chrono Boost)  
  44  4:22  Oracle  
  48  4:24  Adept  
  50  4:34  Phoenix  
  52  4:43  Assimilator  
  52  4:57  Nexus  
  48  5:14  Adept  
  48  5:18  Phoenix  
  48  5:20  Phoenix  
  54  5:24  Protoss Air Weapons Level 1  
  54  5:28  Adept  
  54  5:29  Adept  
  54  5:30  Probe x2 (Chrono Boost)  
  54  5:35  Pylon  
  60  5:41  Probe x2 (Chrono Boost)  
  62  5:47  Fleet Beacon  
  62  5:50  Pylon  
  62  5:51  Probe x2 (Chrono Boost)  
  64  5:59  Adept x2  
  64  6:02  Probe (Chrono Boost)  
  69  6:05  Phoenix  
  69  6:08  Probe (Chrono Boost)  
  72  6:16  Phoenix  
  74  6:22  Pylon  
  74  6:27  Probe (Chrono Boost)  
  74  6:30  Probe x2 (Chrono Boost)  
  77  6:38  Probe (Chrono Boost)  
  78  6:40  Probe (Chrono Boost)  
  78  6:46  Adept  
  81  6:47  Adept x2  
  81  6:48  Probe (Chrono Boost)  
  81  6:49  Phoenix  
  81  6:50  Phoenix  
  81  6:52  Graviton Catapult  
  90  7:03  Probe x2 (Chrono Boost)  
  90  7:04  Probe (Chrono Boost)  
  93  7:14  Probe x2 (Chrono Boost), Phoenix  
  97  7:34  Carrier  
  103  7:38  Probe x2 (Chrono Boost)  
  103  7:39  Probe (Chrono Boost)  
  103  7:41  Assimilator  
  106  7:46  Assimilator, Forge  
  106  7:49  Probe (Chrono Boost)  
  106  7:50  Zealot  
  109  8:22  Pylon  
  109  8:25  Pylon  
  109  8:27  Pylon  
  109  8:30  Photon Cannon  
  109  8:31  Photon Cannon  
  109  8:34  Photon Cannon  
  115  8:41  Stargate  
  121  9:03  Photon Cannon  
  121  9:06  Photon Cannon  
  121  9:07  Photon Cannon  
  121  9:11  Pylon  
  119  9:30  Adept x2  
  119  9:31  Adept  
Show
View Real Time Build Order
Export as new Build Order

Ransom Zerg - Winner!

Build Orders: Hatch First 

Get SALT Encoding   

  12  0:01  Drone  
  13  0:08  Drone  
  14  0:37  Hatchery  
  13  0:43  Overlord  
  13  0:47  Drone  
  14  0:55  Overlord  
  14  1:01  Drone  
  15  1:06  Drone  
  16  1:23  Spawning Pool  
  15  1:34  Drone x2  
  17  1:42  Overlord  
  17  1:47  Extractor  
  17  1:52  Drone  
  17  2:04  Drone  
  17  2:05  Drone  
  19  2:12  Drone  
  19  2:13  Drone  
  19  2:15  Queen  
  23  2:16  Queen  
  23  2:22  Drone  
  26  2:38  Spore Crawler  
  26  2:39  Drone  
  26  2:40  Drone x2  
  26  2:41  Drone  
  29  2:55  Spore Crawler  
  29  2:58  Drone x2  
  29  3:00  Drone  
  31  3:09  Lair  
  31  3:13  Zergling x2  
  31  3:17  Zergling x2  
  31  3:19  Drone  
  34  3:22  Drone  
  34  3:26  Extractor  
  34  3:33  Drone x4  
  38  3:42  Drone x2  
  38  3:48  Drone x2  
  41  3:49  Drone  
  41  3:51  Drone  
  44  4:09  Extractor  
  43  4:10  Drone  
  43  4:12  Extractor  
  43  4:13  Overlord  
  43  4:14  Overlord  
  43  4:18  Overseer  
  43  4:28  Overlord  
  43  4:29  Overlord  
  43  4:36  Zergling x8  
  47  4:40  Queen  
  49  4:48  Hydralisk Den  
  48  4:58  Baneling Nest  
  45  5:20  Drone x5  
  50  5:32  Zergling x2  
  50  5:33  Hydralisk  
  50  5:34  Hydralisk x5  
  63  5:41  Muscular Augments  
  63  5:46  Centrifical Hooks  
  63  5:50  Zergling x2  
  64  5:58  Queen  
  64  6:03  Overlord  
  64  6:04  Overlord  
  66  6:07  Hydralisk x2  
  66  6:09  Hydralisk x2  
  66  6:11  Zergling x2  
  75  6:16  Overlord x2  
  75  6:17  Overlord  
  75  6:28  Pneumatized Carapace  
  75  6:29  Drone  
  76  6:33  Drone x2  
  76  6:35  Hydralisk x2  
  76  6:36  Hydralisk  
  84  6:48  Drone  
  84  6:49  Hydralisk x2  
  84  6:51  Hydralisk  
  84  6:54  Zergling x4  
  92  6:55  Hydralisk  
  95  7:03  Baneling  
  95  7:04  Baneling x6  
  95  7:13  Hydralisk  
  95  7:14  Hydralisk  
  99  7:16  Hydralisk  
  99  7:20  Zergling x6  
  99  7:21  Zergling x2  
  105  7:47  Hydralisk  
  107  7:52  Overlord x4  
  107  8:10  Overlord  
  107  8:11  Overlord x5  
  107  8:14  Hydralisk x3  
  113  8:29  Hydralisk x4  
  113  8:34  Baneling x5  
  121  8:35  Baneling x3  
  121  8:37  Hatchery  
  121  8:40  Baneling x6  
  121  8:41  Baneling x6  
  120  9:04  Hydralisk  
  120  9:05  Hydralisk x4  
  120  9:08  Zergling x16  
Tags
 
Add a new tag
Caveats
  • Supply blocks, unpowered buildings, or Contaminate may cause inaccurate times.
  • Supply counts are checked every 10 seconds.